 Dungeon Crawl Stone Soup version 0.18-a0-1784-ga939a68 (webtiles) character file.

95 Nattravnen the Ducker (level 4, -5/40 HPs)
             Began as a Draconian Berserker on Apr 18, 2016.
             Was a Priest of Trog.
             Killed from afar by an orc priest (19 damage)
             ... with an exploding inner flame
             ... hexed by the player character
             ... on level 3 of the Dungeon.
             The game lasted 00:09:15 (1793 turns).

Nattravnen the Ducker (Draconian Berserker)         Turns: 1793, Time: 00:09:16

Health: -5/40      AC:  6    Str: 20    XL:     4   Next: 39%
Magic:  4/4        EV: 13    Int:  8    God:    Trog [***...]
Gold:   200        SH:  0    Dex: 12    Spells: 0 memorised, 3 levels left

rFire  . . .     SeeInvis .     b - +0 war axe
rCold  . . .     Gourm    .     (armour unavailable)
rNeg   . . .     Faith    .     (no shield)
rPois  .         Spirit   .     (helmet restricted)
rElec  .         Dismiss  .     c - +0 cloak
rCorr  .         Reflect  .     (no gloves)
SustAt .         Harm     .     (no boots)
MR     .....                    d - amulet of regeneration
Stlth  +.........               (no ring)
                                j - +2 ring of dexterity

@: not resistant to hostile enchantments, very unstealthy
A: unfitting armour, cold-blooded, AC +5
a: Berserk, Trog's Hand, Burn Spellbooks, Renounce Religion


You were on level 3 of the Dungeon.
You worshipped Trog.
Trog was most pleased with you.
You were not hungry.

You visited 1 branch of the dungeon, and saw 3 of its levels.

You collected 200 gold pieces.

Inventory:

Hand Weapons
 a - a +0 hand axe
 b - a +0 war axe (weapon)
Armour
 c - a +0 cloak (worn)
 e - a +0 shield
Jewellery
 d - an amulet of regeneration (around neck)
 j - a +2 ring of dexterity (left hand)
Scrolls
 h - a scroll of immolation
 p - a scroll of fear {unknown}
 q - a scroll of remove curse {unknown}
 s - a scroll of enchant armour {unknown}
 t - a scroll of magic mapping {unknown}
Potions
 f - a potion of curing {unknown}
 i - a potion of haste {unknown}
 k - a potion of agility {unknown}
 l - a potion of beneficial mutation {unknown}
 r - a potion of mutation {unknown}
Comestibles
 g - a royal jelly
 n - 3 fruits
 o - a beef jerky


   Skills:
 + Level 3.8 Fighting
 + Level 3.5 Axes
 + Level 3.9 Dodging
 + Level 1.0 Stealth


You had 3 spell levels left.
You didn't know any spells.

Dungeon Overview and Level Annotations

Branches:
Dungeon (3/15)

Altars:


Innate Abilities, Weirdness & Mutations

Your plain brown scales are hard (AC +5).
Your body does not fit into most forms of armour.
You are cold-blooded and may be slowed by cold attacks.


Message History

The orc wizard hits you but does no damage.
You closely miss the orc wizard.
Your tail-slap misses the orc wizard.
The orc wizard misses you. The orc wizard closely misses you.
The orc priest mumbles some strange prayers to Beogh against you.
Beogh smites you!
You slash the orc wizard!
The orc wizard is heavily wounded.
The orc wizard hits you with a dagger.
You closely miss the orc wizard.
The orc wizard is heavily wounded.
You hit the orc priest.
The orc priest is moderately wounded.
You slash the orc!
The orc explodes!
The fiery explosion engulfs the orc wizard.
The orc wizard explodes!
The fiery explosion engulfs the orc priest.
The orc priest explodes!
The fiery explosion engulfs you!
You die...

#.........#
#.........
#...##....#
#......... #...
#....# #......... #.
#....# #........( #
##....### #.........
#.......# #.........
#.......# #.........
#.......# #....†....
#.§@§§..#####....#<#
#§§§§§..#.(....#####
#§§o§§..#......#
.........#......#
..........#......#
.........####......#
.........# #......#
.........# #......#
#......#####


You could see an orc (inner flame).

Vanquished Creatures
  Ijyb (D:2)
  An adder (D:3)
  A worm (D:3)
  A dart slug (D:2)
  A giant gecko (D:2)
  4 giant cockroaches
  5 goblins
  11 hobgoblins
  2 jackals (D:3)
  4 quokkas
  A ball python (D:1)
  5 bats
  3 giant newts
  6 kobolds
  8 rats
  A fungus (D:2)
55 creatures vanquished.

Notes
Turn   | Place    | Note
--------------------------------------------------------------
     0 | D:1      | Nattravnen the Draconian Berserker began the quest for the Orb.
     0 | D:1      | Reached XP level 1. HP: 19/19 MP: 1/1
   413 | D:1      | Reached XP level 2. HP: 26/26 MP: 2/2
   846 | D:2      | Reached ** piety under Trog
  1108 | D:2      | Reached XP level 3. HP: 27/31 MP: 3/3
  1302 | D:2      | Noticed Ijyb
  1309 | D:2      | Killed Ijyb
  1309 | D:2      | Reached skill level 1 in Stealth
  1481 | D:3      | Reached XP level 4. HP: 40/40 MP: 4/4
  1780 | D:3      | Reached *** piety under Trog
  1793 | D:3      | Killed from afar by an orc priest

Vault maps used:
D:1:      scummos_arrival_simple_fountains
D:2:      minmay_door_path, minmay_gold_behind_fungi, st_stairs_6, uniq_iyjb
D:3:      first_bread, corexii_shack

Skill      XL: |  1  2  3 |
---------------+----------+-----
Dodging        | 3 |  3.9
Stealth        | 1 |  1.0
Fighting       | |  3.8
Axes           | |  3.5

Action                   |  1- 3 |  4- 6 || total
-------------------------+-------+-------++-------
Melee: Hand axe          |    72 |       ||    72
       Tailslap          |     9 |     3 ||    12
       War axe           |    37 |    33 ||    70
  Use: Scroll            |     4 |     2 ||     6
 Stab: Sleeping          |     2 |     1 ||     3
  Eat: Bread ration      |     1 |       ||     1
Armor: Skin              |    70 |     8 ||    78
Dodge: Dodged            |   117 |    35 ||   152
